AoeStats
← Jesulito123

Black Forest

515689124Analyzed
4v4 RM · 24d ago on Oct 23, 2026· 61m 23s· 8 players
Game mode
Random Map
Map size
Large (8 player)
Population
200
Speed
Normal
Resources
Standard
Victory
Conquest
Starting age
Dark Age
Ending age
Imperial Age
RankedLock teamsTeams togetherTeam positionsShared explorationLock speedFull tech treeHidden civsTurbo modeCheats
Victory
Defeat
🇪🇸 Spanish · Spain
1030
+15
🇮🇹 Vietnamese · Italy
1000
+48
🇬🇧 Saracens · United Kingdom
999
+16
🇦🇷 Goths · Argentina
955
+18
vs
🇨🇳 Mongols · China
1051
-17
🇯🇵 Franks · Japan
1043
-18
🇹🇼 Goths · Taiwan
992
-16
🇹🇼 Maya · Taiwan
952
-14
水邊小牛
0:37 Loom
13:23 Feudal Age
15:38 Town Watch
18:50 Castle Age
17:09 Horse Collar
17:16 Double-Bit Axe
17:38 Fletching
17:49 Padded Archer Armor
18:07 Forging
18:12 Man-at-Arms
18:52 Gold Mining
21:08 Bodkin Arrow
22:53 Long Swordsman
24:17 Squires
25:24 Iron Casting
26:56 Scale Mail Armor
34:01 Bloodlines
34:35 Wheelbarrow
35:49 Stone Mining
37:01 Bow Saw
40:39 Imperial Age
38:25 Hand Cart
38:32 Hand Cart
39:46 Chain Mail Armor
43:06 Blast Furnace
44:36 Caravan
45:25 Perfusion
45:46 Conscription
46:35 Conscription
46:42 Anarchy
48:22 Elite Huskarl
平凡自在
0:28 Loom
13:43 Feudal Age
17:41 Double-Bit Axe
17:56 Horse Collar
21:07 Castle Age
20:26 Wheelbarrow
19:44 Stone Mining
20:20 Gold Mining
22:28 Bow Saw
22:22 Town Watch
22:54 Heavy Plow
25:14 Stone Shaft Mining
24:34 Fletching
30:39 Eagle Warrior
31:21 Squires
31:06 Arson
31:10 Treadmill Crane
31:53 Fortified Wall
31:55 Masonry
31:28 Pikeman
37:05 Imperial Age
35:25 Ballistics
35:02 Murder Holes
35:21 Forging
35:39 Scale Mail Armor
35:34 Bodkin Arrow
36:52 Hul'che Javelineers
37:45 Hand Cart
37:57 Thumb Ring
37:13 Elite Skirmisher
37:31 Halberdier
39:22 Conscription
39:47 Iron Casting
39:28 Chain Mail Armor
40:25 Two-Man Saw
41:01 Crop Rotation
41:47 Blast Furnace
44:02 Plate Mail Armor
51:49 Coinage
52:59 Banking
店長
2:38 Loom
10:57 Feudal Age
19:17 Castle Age
17:48 Double-Bit Axe
19:29 Wheelbarrow
20:34 Bow Saw
22:15 Hand Cart
33:11 Imperial Age
31:36 Husbandry
30:56 Light Cavalry
31:48 Scale Barding Armor
31:54 Forging
31:34 Fletching
31:45 Padded Archer Armor
31:47 Scale Mail Armor
31:53 Pikeman
32:33 Squires
32:19 Arson
33:06 Chain Barding Armor
34:43 Cavalier
35:18 Gambesons
36:26 Iron Casting
35:47 Bodkin Arrow
36:08 Leather Archer Armor
36:09 Chain Mail Armor
35:54 Gold Mining
35:55 Stone Mining
36:18 Halberdier
39:28 Blast Furnace
39:04 Plate Barding Armor
38:35 Chivalry
38:56 Conscription
38:21 Paladin
40:13 Gold Shaft Mining
42:12 Elite Skirmisher
42:13 Cranequins
43:17 Ballistics
43:58 Chemistry
45:18 Plate Mail Armor
hawki2518
4:45 Loom
13:35 Feudal Age
13:44 Feudal Age
14:05 Double-Bit Axe
14:03 Horse Collar
16:57 Wheelbarrow
18:55 Castle Age
26:27 Fervor
26:22 Fishing Lines
28:17 Gillnets
34:32 Imperial Age
32:36 Hand Cart
32:08 Town Watch
32:16 Fletching
32:26 Padded Archer Armor
32:54 Gold Mining
32:58 Stone Mining
33:17 Heavy Plow
33:30 Bow Saw
33:18 Bodkin Arrow
34:29 Town Patrol
34:48 Leather Archer Armor
34:59 Ballistics
35:45 Conscription
34:47 Elite Mangudai
36:08 Bracer
37:11 Chemistry
36:17 Siege Engineers
36:24 Masonry
36:09 Murder Holes
36:53 Stone Shaft Mining
36:56 Gold Shaft Mining
35:45 Onager
37:11 Siege Onager
40:21 Bloodlines
40:12 Husbandry
40:20 Thumb Ring
40:41 Parthian Tactics
39:59 Capped Ram
42:36 Siege Ram
52:05 Hoardings
51:52 Drill
51:42 Nomads
51:42 Heavy Scorpion
53:36 Forging
53:31 Scale Barding Armor
53:31 Elite Steppe Lancer
54:48 Light Cavalry
56:05 Iron Casting
55:51 Chain Barding Armor
59:56 Blast Furnace
TerriblePotato
8:32 Loom
11:42 Feudal Age
13:12 Double-Bit Axe
14:34 Horse Collar
23:03 Castle Age
21:10 Stone Mining
27:14 Scale Barding Armor
27:21 Forging
27:31 Bow Saw
29:06 Fishing Lines
32:05 Imperial Age
29:40 Heavy Plow
31:05 Fletching
31:35 Chain Barding Armor
32:55 Iron Casting
32:20 Bodkin Arrow
34:06 Wheelbarrow
35:09 Hand Cart
34:50 Town Watch
36:09 Plate Barding Armor
36:08 Conscription
35:56 Gillnets
36:29 Siege Engineers
37:16 Elite Mameluke
38:18 Husbandry
38:29 Bloodlines
39:23 Blast Furnace
39:04 Gold Mining
38:54 Onager
41:57 Chemistry
42:09 Caravan
43:36 Gold Shaft Mining
44:10 Ballistics
43:52 Bracer
48:16 Masonry
48:17 Fortified Wall
51:49 Counterweights
51:04 Siege Onager
52:07 Bimaristan
60:44 Two-Man Saw
Jesulito123
3:49 Loom
11:34 Feudal Age
15:22 Castle Age
15:19 Double-Bit Axe
16:43 Bow Saw
20:30 Horse Collar
23:26 Heavy Plow
24:41 Wheelbarrow
29:21 Imperial Age
27:39 Hand Cart
27:10 Town Watch
28:40 Gold Mining
28:40 Stone Mining
28:56 Stone Mining
29:24 Bloodlines
29:14 Husbandry
30:26 Forging
31:26 Two-Man Saw
30:30 Capped Ram
32:57 Stone Shaft Mining
32:12 Cavalier
33:44 Iron Casting
33:34 Paladin
34:25 Caravan
35:42 Conscription
36:41 Blast Furnace
35:33 Fletching
35:49 Scale Barding Armor
36:31 Herbal Medicine
38:05 Scale Mail Armor
38:01 Bodkin Arrow
42:42 Chemistry
42:02 Ballistics
42:11 Bracer
42:32 Chain Barding Armor
43:23 Thumb Ring
47:25 Padded Archer Armor
47:40 Chain Mail Armor
49:51 Siege Ram
56:34 Coinage
56:15 Guilds
56:40 Elite Skirmisher
57:25 Imperial Skirmisher
58:06 Murder Holes
58:21 Masonry
Lord Nick
1:48 Loom
13:50 Feudal Age
14:21 Fishing Lines
14:29 Double-Bit Axe
15:23 Horse Collar
20:31 Castle Age
18:29 Fletching
21:30 Bow Saw
23:55 Gillnets
25:37 Guard Tower
28:31 Heavy Plow
30:11 Wheelbarrow
30:13 Fortified Wall
31:21 Bodkin Arrow
34:12 Hand Cart
34:39 Padded Archer Armor
34:37 Stone Mining
34:39 Gold Mining
39:30 Imperial Age
36:50 Town Watch
37:19 Thumb Ring
39:24 Leather Archer Armor
39:57 Forging
39:51 Chatras
40:21 Ballistics
40:16 Bracer
40:19 Husbandry
40:32 Bloodlines
42:40 Paper Money
42:51 Elite Skirmisher
44:12 Ring Archer Armor
45:32 Two-Man Saw
45:16 Imperial Skirmisher
46:05 Scale Barding Armor
46:55 Iron Casting
46:20 Light Cavalry
58:59 Guilds
58:51 Caravan
Facuxx26
0:28 Loom
14:53 Feudal Age
17:04 Wheelbarrow
23:14 Castle Age
21:32 Stone Mining
21:31 Double-Bit Axe
21:28 Horse Collar
22:29 Gold Mining
27:08 Heavy Plow
36:44 Imperial Age
34:50 Anarchy
36:08 Forging
36:02 Squires
37:46 Pikeman
39:41 Caravan
40:14 Elite Huskarl
41:15 Conscription
44:15 Iron Casting
43:42 Scale Mail Armor
44:16 Hand Cart
45:17 Perfusion
47:59 Blast Furnace
47:14 Chain Mail Armor
49:56 Chain Mail Armor
54:26 Halberdier
Connection lost

Rejoining the realm…

Still unreachable

The connection could not be restored.

Session expired

The server has moved on; the page needs a fresh start.